Map: Port Aleksander LE

Players

zopilotech

  • Race: Zerg Zerg
  • League: Gold
  • Spawn Location: 11:00

Mesrob - Winner!

  • Race: Terran Terran
  • League: Gold
  • Spawn Location: 5:00

VOD

Have the link to the VOD?

Description

Time

  • Played on: Jan. 11, 2019, 8:14 a.m.
  • Length: 21:04
Show
View Real Time Build Order
Export as new Build Order

zopilotech Zerg 

Build Orders: Pool First, Lurkers, Roach Nydus 

Get SALT Encoding   

  12  0:11  Drone x2  
  14  0:16  Extractor  
  14  0:17  Drone  
  14  0:26  Overlord  
  14  0:45  Drone x2  
  16  0:56  Spawning Pool  
  15  0:59  Drone  
  16  1:07  Drone  
  17  1:16  Drone  
  18  1:27  Drone  
  19  1:42  Hatchery  
  18  1:50  Lair  
  18  1:56  Zergling x2  
  18  1:59  Drone  
  20  2:06  Overlord  
  20  2:12  Zergling x2  
  21  2:23  Roach Warren  
  21  2:29  Zergling x2  
  21  2:40  Drone  
  22  2:53  Queen  
  22  2:54  Queen  
  26  3:02  Glial Reconstitution  
  26  3:05  Roach  
  28  3:10  Overlord  
  28  3:30  Roach x2  
  32  3:35  Drone x2  
  32  3:36  Roach  
  32  3:38  Roach  
  38  3:43  Roach  
  38  3:47  Drone  
  40  3:57  Drone  
  40  4:02  Nydus Network  
  40  4:05  Roach  
  42  4:18  Drone  
  42  4:19  Overlord  
  42  4:23  Spine Crawler  
  42  4:40  Roach x4  
  50  4:55  Drone  
  50  4:56  Overlord x2  
  51  5:10  Nydus Canal  
  51  5:34  Nydus Canal  
  45  6:20  Drone  
  45  6:21  Drone x6  
  38  6:56  Drone x4  
  38  6:57  Drone x2  
  44  7:02  Extractor  
  43  7:09  Extractor  
  43  7:11  Evolution Chamber  
  43  7:12  Roach x2  
  43  7:13  Queen  
  47  7:32  Roach x3  
  47  7:33  Roach  
  47  7:36  Overlord  
  47  7:37  Overlord  
  55  7:40  Overseer x2  
  55  7:41  Overseer x3  
  55  7:45  Drone x3  
  55  7:49  Extractor, Queen  
  59  7:56  Roach x4  
  67  8:00  Ravager  
  68  8:11  Spore Crawler  
  67  8:23  Zerg Ground Armor Level 1  
  67  8:24  Queen  
  67  8:25  Spore Crawler  
  68  8:29  Tunneling Claws  
  68  8:34  Roach x2  
  68  8:36  Evolution Chamber  
  68  8:39  Drone x2  
  68  8:40  Drone x7  
  68  8:41  Drone  
  81  8:51  Overlord x3  
  81  8:52  Overlord  
  81  9:00  Queen  
  83  9:13  Zerg Missile Weapons Level 1  
  83  9:21  Spore Crawler  
  83  9:23  Roach x3  
  83  9:24  Roach x6  
  100  9:36  Queen  
  102  9:40  Overseer  
  102  9:43  Hydralisk Den  
  102  9:44  Hatchery  
  100  9:55  Overlord x2  
  100  9:56  Overlord  
  100  10:02  Spine Crawler  
  100  10:05  Spine Crawler  
  98  10:17  Zerg Ground Armor Level 2  
  98  10:27  Lurker Den  
  97  10:29  Infestation Pit  
  97  10:35  Roach x4  
  104  10:36  Roach x3  
  104  10:37  Roach  
  112  10:59  Drone  
  112  11:00  Drone x9  
  122  11:18  Drone x2  
  122  11:19  Drone x6  
  130  11:25  Spine Crawler  
  130  11:27  Spore Crawler  
  130  11:31  Extractor x2  
  126  11:49  Hive  
  126  11:51  Zerg Missile Weapons Level 2  
  126  11:55  Drone x3  
  126  11:56  Drone x3  
  126  12:01  Drone x5  
  137  12:23  Spire  
  136  12:32  Overlord x3  
  136  12:33  Overlord x2  
  136  12:52  Spine Crawler  
  136  12:54  Hydralisk  
  136  12:55  Hydralisk x7  
  136  12:56  Hydralisk x2  
  155  13:00  Adaptive Talons  
  155  13:05  Zerg Ground Armor Level 3  
  70  13:56  Hydralisk x6  
  70  13:57  Hydralisk x3  
  85  14:10  Zergling x2  
  85  14:11  Zergling x2  
  85  14:12  Zergling x4  
  87  14:23  Lurker x3  
  86  14:27  Lurker x2  
  86  14:28  Lurker  
  59  15:10  Spine Crawler  
  59  15:11  Spine Crawler x2  
  54  15:14  Spine Crawler  
  54  15:17  Spine Crawler  
  54  15:19  Spine Crawler  
Show
View Real Time Build Order
Export as new Build Order

Mesrob Terran - Winner!

Build Orders: 2 Factory, Mech 

Get SALT Encoding   

  12  0:00  SCV  
  13  0:12  SCV  
  14  0:18  Supply Depot  
  14  0:25  SCV  
  15  0:40  SCV  
  15  0:41  Barracks  
  16  0:50  Refinery  
  16  0:52  SCV  
  17  1:04  SCV  
  18  1:27  Orbital Command  
  18  1:39  Marine, Command Center  
  19  1:52  Bunker  
  19  1:57  Marine  
  19  1:58  SCV  
  21  2:29  Supply Depot  
  21  2:33  SCV  
  21  2:40  Factory  
  21  2:46  SCV  
  21  2:47  Marine, Factory  
  23  2:53  Supply Depot  
  23  2:58  Orbital Command  
  23  3:02  SCV  
  24  3:08  Refinery  
  24  3:14  SCV  
  25  3:26  SCV  
  26  3:31  Hellion  
  26  3:32  Factory Tech Lab, Engineering Bay  
  28  3:38  SCV  
  29  3:42  Armory  
  29  3:50  SCV  
  29  3:53  Siege Tank  
  33  3:57  Factory Tech Lab  
  33  4:00  Refinery  
  33  4:02  SCV x2  
  35  4:12  Missile Turret  
  35  4:14  SCV x2  
  37  4:19  Siege Tank  
  40  4:31  Supply Depot  
  40  4:35  Terran Vehicle Weapons Level 1  
  40  4:39  SCV x2  
  42  4:51  SCV x2  
  44  4:53  Siege Tank  
  44  4:56  Hellbat  
  49  5:03  SCV x2  
  51  5:10  Factory  
  51  5:15  Missile Turret  
  30  5:47  Hellbat  
  34  5:52  Thor  
  32  6:04  Orbital Command  
  31  6:29  SCV  
  31  6:31  SCV  
  33  6:41  SCV  
  33  6:43  SCV  
  33  6:51  Orbital Command  
  34  6:55  SCV  
  34  6:56  Thor  
  34  6:57  Factory Reactor  
  40  7:10  Missile Turret  
  40  7:24  Refinery  
  40  7:30  SCV  
  41  7:39  Refinery  
  41  7:42  SCV  
  41  7:43  Thor  
  48  7:47  Hellion x2  
  52  7:52  Missile Turret  
  52  7:54  SCV  
  52  7:57  Terran Vehicle And Ship Armor Level 1  
  53  8:10  Refinery  
  53  8:12  Hellion x2, SCV  
  54  8:21  Supply Depot  
  54  8:26  Supply Depot  
  54  8:42  Hellbat x3, SCV  
  61  8:54  SCV  
  62  9:06  SCV  
  62  9:09  Thor  
  65  9:11  Hellbat x2  
  65  9:14  Supply Depot  
  69  9:18  SCV  
  70  9:36  Hellbat x2, SCV  
  75  9:48  Missile Turret, SCV  
  76  9:54  Supply Depot  
  76  9:55  Supply Depot  
  76  10:07  Hellbat  
  78  10:15  Thor  
  78  10:16  Hellbat, Thor  
  78  10:17  Supply Depot  
  78  10:20  Supply Depot  
  92  10:45  Missile Turret  
  92  10:48  Supply Depot  
  92  10:56  Supply Depot  
  92  10:58  Thor  
  92  10:59  SCV, Thor  
  105  11:09  Sensor Tower  
  105  11:11  SCV, Terran Vehicle Weapons Level 2  
  106  11:22  Supply Depot  
  106  11:24  SCV  
  107  11:45  Supply Depot  
  107  11:59  Thor x2  
  107  12:01  Hellbat x2  
  123  12:04  SCV  
  124  12:22  Hellbat  
  126  12:23  Supply Depot  
  126  12:39  Sensor Tower  
  126  13:24  Command Center  
  126  13:27  Terran Vehicle And Ship Armor Level 2  
  96  13:52  Thor x2  
  96  13:53  Hellbat x2  
  106  14:14  Hellbat  
  108  14:24  SCV x2  
  110  14:34  Thor  
  110  14:36  SCV x2  
  118  14:48  SCV x2  
  108  15:00  SCV  
  108  15:01  SCV  
  110  15:07  Refinery  
  110  15:12  Factory, SCV  
  110  15:13  SCV  
  112  15:16  Factory  
  112  15:33  Refinery  
  112  15:43  Terran Vehicle Weapons Level 3  
Tags
 
Composition
LurkersMech
League
GoldGold
Matchup
TvZ
Replay Pack
sc2 replays
Spawn Locations
Cross Positions
Strategy
Roach Nydus
Add a new tag
Caveats
  • Supply blocks, unpowered buildings, or Contaminate may cause inaccurate times.
  • Supply counts are checked every 10 seconds.